cohdb
Replays
Latest Replays
All Replays
Popular Replays
Top Player Replays
Match Explorer
How It Works
Community
CoH3 Stats
Reddit
Sign in to upload your games and track your stats! →
Sign in with Steam
Match 43618648
Unlisted
Match 43618648
Overview
Messages
Build Orders
End
Panzerpioneer Squad
Selects Armored Support Battlegroup
250 Light Carrier
250 Light Carrier
Construct Light Support Kompanie
Combat Half-tracks
Advanced Field Repairs
Fire Support Elements
Panzergrenadier Squad
Panzergrenadier Squad
Selects Superior Fire Drills
Vehicle Survival Package
Veteran Squad Leaders
Tungsten Core Ammunition
Construct Panzerarmee Kommand
Selects Salvage Kits
Panzerjäger Mechanized Group
Panzer III L Medium Tank
Rapid Advance
Selects Flammpanzer III Medium Tank
Emergency Repair Kits
Panzer III L Medium Tank
Advanced Optics
Panzer III L Medium Tank
Selects Battlefield Salvage
Selects Panzer Storm
Panzer Storm
M4X
MILF_Hunter
Nukepapa
Dead_Fish
0
0
Comments
sign in to comment!
No comments posted yet!